 Dungeon Crawl Stone Soup version 0.28.0 (webtiles) character file.

Game seed: 3937102156697969770

227016 inmateoo the Executioner (level 19, -7/179 HPs)
             Began as a Minotaur Fighter on Feb 8, 2022.
             Was the Champion of Wu Jian.
             Killed from afar by a salamander tyrant (11 damage)
             ... with a flame surge
             ... on level 4 of the Snake Pit.
             The game lasted 00:33:36 (30343 turns).

inmateoo the Executioner (Minotaur Fighter)        Turns: 30343, Time: 00:33:37

Health: -7/179     AC: 41    Str: 26    XL:     19   Next: 3%
Magic:  18/18      EV: 13    Int:  5    God:    Wu Jian [******]
Gold:   720        SH: 22    Dex: 13    Spells: 18/18 levels left

rFire   + . .      SeeInvis .   i - +5 broad axe (vamp)
rCold   + . .      Faith    .   n - +2 tower shield {rF+}
rNeg    . . .      Spirit   .   S - +15 Maxwell's patent armour {-Cast -Tele rElec Will+ rCorr}
rPois   +          Reflect  .   H - +2 hat
rElec   +          Harm     .   y - +0 cloak
rCorr   +          Rampage  .   G - +0 pair of gloves
Will    ++...      NoTele   +   b - +1 pair of boots {Fly}
Stlth   .......... NoCast   +   t - amulet of regeneration
HPRegen 1.19/turn               c - ring of poison resistance
MPRegen 0.16/turn               B - ring of protection from cold

@: lethally poisoned (-7 -> -10), weakened, in a heavenly storm, flying,
glowing, constricted
A: horns 2, retaliatory headbutt
a: Renounce Religion, Wall Jump, Serpent's Lash, Heavenly Storm


You were on level 4 of the Snake Pit.
You worshipped Wu Jian.
Wu Jian was exalted by your worship.
You visited 5 branches of the dungeon, and saw 30 of its levels.
You also visited: Bailey, Ice Cave and Volcano.

You collected 3925 gold pieces.
You spent 3205 gold pieces at shops.

Inventory:

Hand Weapons
 e - a +4 scimitar of flaming
 i - a +5 vampiric broad axe (weapon)
 p - the +5 demon whip "Spellbinder" {antimagic, Will+}
   (You found it in a bailey)

   It reduces the magical energy of the wielder, and disrupts the spells and
   magical abilities of those it strikes.
   Natural abilities and divine invocations are not affected.
   It unleashes wild and unpredictable magical effects upon striking a wizard or
   a creature with magical abilities.
   Will:      It increases your willpower.
 N - the +3 war axe "Ikleh" {drain, rF+}
   (You bought it in a shop on level 1 of the Orcish Mines)

   A truly terrible weapon, it drains the life of any living foe it strikes.
   rF:        It protects you from fire.
Missiles
 l - 3 throwing nets (quivered)
Armour
 b - a +1 pair of boots of flying (worn)
 n - a +2 tower shield of fire resistance (worn)
 y - a +0 cloak (worn)
 G - a +0 pair of gloves (worn)
 H - a +2 hat (worn)
 S - the +15 Maxwell's patent armour (worn) {-Cast -Tele rElec Will+ rCorr}
   (You bought it in a shop on level 2 of the Orcish Mines)

   rElec:     It insulates you from electricity.
   -Cast:     It prevents spellcasting.
   -Tele:     It prevents most forms of teleportation.
   rCorr:     It protects you from acid and corrosion.
   Will:      It increases your willpower.
Jewellery
 c - a ring of poison resistance (left hand)
 t - an amulet of regeneration (around neck)
 v - a ring of protection from cold
 B - a ring of protection from cold (right hand)
 L - a ring of see invisible
Wands
 m - a wand of polymorph (15)
 A - a wand of paralysis (14)
 I - a wand of mindburst (5)
 J - a wand of flame (39)
 K - a wand of acid (5)
 O - a wand of charming (3)
 P - a wand of iceblast (11)
Scrolls
 h - 4 scrolls of teleportation
 j - 4 scrolls of fear
 q - 3 scrolls of amnesia
 r - 6 scrolls of blinking
 s - 2 scrolls of summoning
 w - 2 scrolls of magic mapping
 M - a scroll of fog
 Q - 2 scrolls of enchant armour
 R - a scroll of brand weapon
 T - 2 scrolls of silence
Potions
 a - 4 potions of resistance
 d - 5 potions of might
 f - 2 potions of magic
 g - 2 potions of mutation
 k - 11 potions of curing
 o - 2 potions of berserk rage
 u - 12 potions of ambrosia
 x - 5 potions of cancellation
 z - 5 potions of haste
 C - 2 potions of brilliance
 D - 2 potions of lignification
 E - 6 potions of heal wounds
 F - 2 potions of invisibility
Miscellaneous
 U - a condenser vane


   Skills:
 + Level 18.0 Fighting
 * Level 26.5 Axes
 + Level 18.0 Armour
 + Level 13.8 Dodging
 + Level 18.2 Shields


You had 18 spell levels left.
You didn't know any spells.
Your spell library contained the following spells:

 Spells                   Type           Power      Damage    Failure   Level
 Animate Skeleton         Necr           0%         N/A       100%        1
 Apportation              Tloc           0%         N/A       100%        1
 Magic Dart               Conj           0%         1d3       100%        1
 Summon Small Mammal      Summ           0%         N/A       100%        1
 Corpse Rot               Necr/Air       0%         N/A       100%        2
 Poisonous Vapours        Pois/Air       0%         N/A       100%        2
 Searing Ray              Conj           0%         2d4       100%        2
 Static Discharge         Conj/Air       0%         N/A       100%        2
 Sublimation of Blood     Necr           0%         N/A       100%        2
 Wereblood                Tmut           0%         N/A       100%        2
 Call Canine Familiar     Summ           0%         N/A       100%        3
 Gell's Gravitas          Tloc           0%         N/A       100%        3
 Lesser Beckoning         Tloc           0%         N/A       100%        3
 Summon Guardian Golem    Hex/Summ       0%         N/A       100%        3
 Teleport Other           Tloc           0%         N/A       100%        3
 Dispel Undead            Necr           0%         3d6       100%        4
 Fulminant Prism          Conj/Hex       0%         3d6       100%        4
 Leda's Liquefaction      Hex/Erth       0%         N/A       100%        4
 Petrify                  Tmut/Erth      0%         N/A       100%        4
 Irradiate                Conj/Tmut      0%         3d13      100%        5
 Lee's Rapid Deconstruct  Erth           0%         3d5*      100%        5
 Conjure Ball Lightning   Conj/Air       0%         3x3d6     100%        6
 Death Channel            Necr           0%         N/A       100%        6
 Statue Form              Tmut/Erth      0%         N/A       100%        6
 Orb of Destruction       Conj           0%         9d5       100%        7
 Spellforged Servitor     Conj/Summ      0%         N/A       100%        7
 Summon Hydra             Summ           0%         N/A       100%        7


Dungeon Overview and Level Annotations

Branches:
Dungeon (15/15)            Temple (0/1) D:6            Lair (6/6) D:11
 Shoals (0/4) Lair:4        Snake (4/4) Lair:3        Slime (0/5) Lair:5
    Orc (2/2) D:10            Elf (3/3) Orc:2        Vaults (0/5) D:14
 Depths (0/4) D:15         Bailey (visited)           IceCv (visited)
Volcano (visited)

Altars:
Kikubaaqudgha
Okawaru
Qazlal
Wu Jian
Beogh
Jiyva

Shops:
Orc:1 (   Orc:2 :(*[=![?(   Elf:3 :*   Snake:3 ([*

Portals:
Trove: D:11 (give 2 scrolls of acquirement)

Annotations:
Elf:2 3 runed translucent doors


Innate Abilities, Weirdness & Mutations

You have a pair of horns on your head.
You reflexively headbutt those who attack you in melee.


Message History

The guardian serpent hits you but does no damage.
You slash the salamander tyrant!
You feel better.
The salamander tyrant is lightly wounded.
You slash the salamander tyrant!
You feel better.
You slash the salamander!
You feel better.
You slash the guardian serpent!
You feel better.
You slash the salamander tyrant! You slash the naga ritualist!
You feel very sick. You block the salamander's attack.
You block the guardian serpent's attack.
The naga ritualist mumbles some strange prayers to its god against you.
You resist with almost no effort.
The salamander tyrant gazes fiercely through you!
You feel as though you will be weak longer.
You block the salamander tyrant's attack.
The salamander closely misses you.
The salamander tyrant calls gouts of flame from the lava!
The flame surge hits you! You resist.
* * * LOW HITPOINT WARNING * * *
The salamander tyrant calls gouts of flame from the lava!
The flame surge hits you! You resist.
* * * LOW HITPOINT WARNING * * *
You slash the salamander tyrant!
You feel better.
The salamander tyrant is moderately wounded.
You hit the naga ritualist but do no damage.
You slash the salamander tyrant! You hit the guardian serpent.
You hit the salamander but do no damage.
You hit the salamander tyrant.
You feel better.
You feel sick.
You block the guardian serpent's attack.
The salamander hits you but does no damage.
You block the naga ritualist's attack. The naga ritualist grabs you.
The naga ritualist constricts you.
The salamander tyrant hits you but does no damage.
The salamander tyrant hits you!
* * * LOW HITPOINT WARNING * * *
You are engulfed in flames!
You resist.
* * * LOW HITPOINT WARNING * * *
You block the salamander's attack.
The salamander tyrant calls gouts of flame from the lava!
The flame surge hits you! You resist.
You die...

.§.§#......##
..§##.....##≈.§≈§§≈≈..
##.##.)..##§≈.§≈≈≈≈≈§#
.####.#.#≈≈≈...≈≈§§.
###.##...##≈≈≈N..§..
....#.#.#.# ≈≈≈.≈≈≈
....##...## #§☼NN#
....##...###


#NSN# .....##....## #N@# )†....##....###NN# )).....####...§☼## .........(##...##
######.....##### .#...#.......# .....#.......# .....#.....### .....##....# You
could see 3 salamander tyrants, 3 salamanders, a naga ritualist (strong,
poisoned) and a guardian serpent.

Vanquished Creatures
  Vashnia (Snake:1)
  An acid blob (Lair:6)
  Gastronok (D:8)
  Agnes (Elf:2)
  Kirke (D:12)
  2 rockslimes (Lair:6)
  A tengu reaver (D:12)
  2 fire giants
  2 deep elf sorcerers
  3 orc warlords
  The ghost of robertstho the Marksminotaur, a journeyman MiHu of Okawaru (Elf:1)
  The ghost of SushiGirl the Devastator, a journeyman DECj of Vehumet (Elf:1)
  A deep elf demonologist (Elf:1)
  3 deep elf annihilators
  Snorg (D:10)
  4 vault guards (D:14)
  Harold (D:8)
  13 hydras
  An ice dragon (D:12)
  14 naga warriors
  A catoblepas (Lair:6)
  3 boulder beetles
  A boulder beetle (shapeshifter) (D:12)
  2 ogre magi
  6 salamander tyrants
  7 centaur warriors
  6 two-headed ogres
  12 dancing weapons
  15 anacondas
  12 death yaks
  A satyr (shapeshifter) (D:15)
  16 deep elf knights
  3 orc high priests
  6 tengu warriors
  A hell knight (Volcano)
  14 naga sharpshooters
  8 shock serpents
  6 salamander mystics
  4 skeletal warriors (D:14)
  4 sea snakes (Snake:3)
  11 naga ritualists
  9 deep elf archers
  14 orc knights
  18 deep elf zephyrmancers
  19 deep elf pyromancers
  A necromancer (IceCv)
  7 orc sorcerers
  An oklob plant (Lair:4)
  2 manticores
  16 ugly things
  11 mana vipers
  10 cyclopes
  30 salamanders
  A wolf spider (D:15)
  6 guardian serpents
  9 elephants (Lair:5)
  Joseph (D:8)
  A torpor snail (Lair:4)
  42 black mambas
  An ice statue (IceCv)
  13 naga magi
  A molten gargoyle (Volcano)
  2 gargoyles
  8 cane toads
  4 rime drakes
  5 freezing wraiths (IceCv)
  An anaconda simulacrum (IceCv)
  8 komodo dragons
  2 tengu conjurers (D:14)
  An efreet (D:15)
  An entropy weaver simulacrum (IceCv)
  13 ice devils (IceCv)
  10 trolls
  2 trolls (shapeshifter)
  6 meliai
  A queen bee (Lair:5)
  8 polar bears
  A wind drake (Lair:4)
  A hornet (shapeshifter) (Elf:2)
  7 slime creatures
  15 dream sheep
  29 blink frogs
  3 hornets (Lair:6)
  A dream sheep (shapeshifter) (D:12)
  15 spriggans (Lair:6)
  A shadow (D:12)
  4 water elementals (Elf:2)
  4 wyverns
  A vampire (D:12)
  A spriggan (shapeshifter) (D:14)
  4 air elementals
  3 hogs (D:12)
  A fire elemental (Elf:1)
  53 yaks
  2 dire elephant simulacra (IceCv)
  2 fire bats (Volcano)
  4 basilisks
  2 death yak simulacra (IceCv)
  2 steam dragons
  Menkaure (D:4)
  5 vampire mosquitoes
  46 nagas
  A naga (shapeshifter) (Elf:2)
  Edmund (D:4)
  8 wargs
  2 acid dragons
  10 water moccasins
  A hornet zombie (D:7)
  47 orc warriors
  4 black bears (Lair:6)
  3 necrophages
  5 ice beasts
  37 wolves
  5 boggarts
  8 ogres
  13 centaurs
  Blork the orc (D:3)
  An earth elemental (Elf:1)
  16 bullfrogs
  A kobold brigand (D:9)
  3 two-headed ogre simulacra (IceCv)
  2 gnoll sergeants
  2 cane toad simulacra (IceCv)
  3 scorpions
  A water moccasin skeleton (D:6)
  26 killer bees
  5 elephant simulacra (IceCv)
  An electric eel (Snake:3)
  3 wights (D:8)
  5 lava snakes (Volcano)
  4 centaur zombies
  8 howler monkeys
  A bullfrog skeleton (D:6)
  4 bullfrog zombies
  36 orc priests
  2 gnoll shamans
  7 hounds
  7 jellies
  Crazy Yiuf (D:4)
  2 centaur skeletons
  6 iguanas
  Terence (D:2)
  41 orc wizards
  4 hell rats (Lair:1)
  4 polar bear simulacra (IceCv)
  A spriggan simulacrum (IceCv)
  A troll simulacrum (IceCv)
  7 wolf simulacra (IceCv)
  2 centaur simulacra
  A hound skeleton (D:4)
  A howler monkey zombie (D:8)
  22 gnolls
  A naga simulacrum (IceCv)
  7 adders
  6 white imps
  4 ufetubi
  An adder skeleton (D:4)
  3 worms
  3 dart slugs
  86 orcs
  4 ball pythons
  9 endoplasms
  3 giant cockroaches
  6 goblins
  6 hobgoblins
  7 jackals
  5 quokkas
  6 bats
  A frilled lizard (D:1)
  21 kobolds
  8 rats
1252 creatures vanquished.

Vanquished Creatures (collateral kills)
  A shining eye (shapeshifter) (D:12)
1 creature vanquished.

Vanquished Creatures (others)
  49 fungi
  32 plants
  6 withered plants (Elf:1)
87 creatures vanquished.

Grand Total: 1340 creatures vanquished

Notes
Turn   | Place    | Note
-------+----------+-------------------------------------------
     0 | D:1      | inmateoo the Minotaur Fighter began the quest for the Orb.
     0 | D:1      | Reached XP level 1. HP: 19/19 MP: 0/0
    73 | D:1      | Reached XP level 2. HP: 27/27 MP: 1/1
    78 | D:1      | Reached skill level 3 in Axes
   109 | D:1      | Found a faded altar of an unknown god.
   132 | D:1      | Prayed at the altar of an unknown god.
   132 | D:1      | Became a worshipper of the Wu Jian Council
   132 | D:1      | Reached * piety under Wu Jian
   366 | D:1      | Reached XP level 3. HP: 29/33 MP: 2/2
   676 | D:2      | Reached XP level 4. HP: 30/40 MP: 3/3
   801 | D:2      | Noticed Terence
  1035 | D:2      | Killed Terence
  1036 | D:2      | Reached skill level 4 in Axes
  1467 | D:2      | Reached ** piety under Wu Jian
  1623 | D:2      | Reached XP level 5. HP: 47/47 MP: 4/4
  2133 | D:4      | Noticed Blork the orc
  2135 | D:4      | Reached skill level 5 in Axes
  2332 | D:4      | Reached XP level 6. HP: 50/55 MP: 5/5
  2605 | D:3      | Killed Blork the orc
  2606 | D:3      | Reached skill level 5 in Fighting
  2606 | D:3      | Reached skill level 5 in Armour
  2606 | D:3      | Reached skill level 5 in Shields
  3065 | D:4      | Found a runed translucent door.
  3066 | D:4      | Noticed Crazy Yiuf
  3175 | D:4      | Noticed Menkaure
  3181 | D:4      | Killed Menkaure
  3182 | D:4      | Reached skill level 6 in Axes
  3182 | D:4      | Reached XP level 7. HP: 16/61 MP: 6/6
  3535 | D:4      | Noticed Edmund
  3559 | D:4      | Killed Edmund
  3920 | D:4      | Killed Crazy Yiuf
  4136 | D:5      | Entered Level 5 of the Dungeon
  4156 | D:5      | Reached skill level 7 in Axes
  4272 | D:5      | Reached *** piety under Wu Jian
  4289 | D:5      | Reached XP level 8. HP: 56/70 MP: 7/7
  4831 | D:5      | Reached skill level 8 in Axes
  4990 | D:6      | Found a staircase to the Ecumenical Temple.
  4990 | D:6      | Identified the +4 mace "Overocsa" {protect, *Noise Will+
                  | Int+2 Dex+3}
  5302 | D:6      | Reached skill level 9 in Axes
  5612 | D:6      | Reached XP level 9. HP: 76/79 MP: 8/8
  5836 | D:6      | Noticed a troll
  5850 | D:6      | Killed a troll
  5851 | D:6      | Reached skill level 10 in Axes
  6004 | D:6      | Reached **** piety under Wu Jian
  6541 | D:7      | Reached skill level 11 in Axes
  6552 | D:7      | Identified the ring of Udysk {Wiz rElec rCorr}
  6622 | D:7      | Reached XP level 10. HP: 63/90 MP: 9/9
  6642 | D:7      | Found a flagged portal.
  6656 | Bailey   | Entered a bailey
  6661 | Bailey   | Noticed an orc warlord
  6664 | Bailey   | Found the +5 demon whip "Spellbinder" {antimagic, Will+}
  6714 | Bailey   | Noticed an orc knight
  6725 | Bailey   | Killed an orc knight
  6727 | Bailey   | Reached ***** piety under Wu Jian
  6750 | Bailey   | Found a runed translucent gate.
  6753 | Bailey   | Found a runed translucent gate.
  6755 | Bailey   | Found a runed translucent gate.
  6918 | Bailey   | Killed an orc warlord
  6919 | Bailey   | Reached skill level 12 in Axes
  7514 | D:8      | Noticed Harold
  7525 | D:8      | Killed Harold
  7646 | D:8      | Noticed a cyclops
  7655 | D:8      | Killed a cyclops
  7760 | D:8      | Noticed Joseph
  7769 | D:8      | Killed Joseph
  7923 | D:8      | Noticed Gastronok
  7944 | D:8      | Killed Gastronok
  7945 | D:8      | Reached skill level 10 in Fighting
  7945 | D:8      | Reached skill level 13 in Axes
  7945 | D:8      | Reached skill level 10 in Armour
  7945 | D:8      | Reached skill level 10 in Shields
  7945 | D:8      | Reached XP level 11. HP: 43/99 MP: 10/10
  8734 | D:9      | Noticed a two-headed ogre
  8742 | D:9      | Killed a two-headed ogre
  8743 | D:9      | Reached skill level 14 in Axes
  8830 | D:9      | Noticed a two-headed ogre
  8835 | D:9      | Killed a two-headed ogre
  8896 | D:9      | Noticed a death yak
  8906 | D:9      | Killed a death yak
  8907 | D:9      | Reached skill level 15 in Axes
  9293 | D:9      | Acquired a +2 tower shield of fire resistance
  9344 | D:10     | Entered Level 10 of the Dungeon
  9365 | D:10     | Noticed Snorg
  9374 | D:10     | Killed Snorg
  9379 | D:10     | Reached skill level 1 in Dodging
  9601 | D:10     | Found a stormy altar of Qazlal.
  9658 | D:10     | Noticed an orc knight
  9659 | D:10     | Noticed an orc knight
  9662 | D:10     | Found a staircase to the Orcish Mines.
  9668 | D:10     | HP: 4/102 [orc priest/divine providence (15)]
  9676 | D:10     | Killed an orc knight
  9895 | D:10     | Killed an orc knight
  9896 | D:10     | Reached skill level 16 in Axes
  9970 | D:10     | Reached XP level 12. HP: 101/110 MP: 11/11
 10168 | D:11     | Noticed a boulder beetle
 10185 | D:11     | Killed a boulder beetle
 10408 | D:11     | Noticed a boulder beetle
 10419 | D:11     | Killed a boulder beetle
 10537 | D:11     | Found a portal to a secret trove of treasure.
 10644 | D:11     | Noticed a death yak
 10646 | D:11     | Found a staircase to the Lair.
 10646 | D:11     | Noticed a death yak
 10646 | D:11     | Noticed a death yak
 10646 | D:11     | Noticed a death yak
 10646 | D:11     | Noticed a death yak
 10646 | D:11     | Noticed a death yak
 10647 | D:11     | Noticed a death yak
 10647 | D:11     | Noticed a death yak
 10647 | D:11     | Noticed a death yak
 10652 | D:11     | Killed a death yak
 10653 | D:11     | Reached skill level 17 in Axes
 10657 | D:11     | Killed a death yak
 10661 | D:11     | Killed a death yak
 10666 | D:11     | Killed a death yak
 10676 | D:11     | Killed a death yak
 10679 | D:11     | Killed a death yak
 10683 | D:11     | Killed a death yak
 10693 | D:11     | Killed a death yak
 10694 | D:11     | Reached skill level 18 in Axes
 10719 | D:11     | Killed a death yak
 11473 | D:12     | Noticed a boulder beetle
 11486 | D:12     | Killed a boulder beetle
 11486 | D:12     | Reached ****** piety under Wu Jian
 11564 | D:12     | Found a frozen archway.
 11571 | D:12     | Reached skill level 5 in Dodging
 11577 | IceCv    | Entered an ice cave
 11618 | IceCv    | Reached XP level 13. HP: 30/118 MP: 12/12
 11623 | IceCv    | HP: 3/118 [freezing wraith (9)]
 11805 | IceCv    | Reached skill level 19 in Axes
 11998 | IceCv    | Found an ancient bone altar of Kikubaaqudgha.
 12573 | D:12     | Noticed Kirke
 12692 | D:12     | Killed Kirke
 12850 | D:12     | Identified the +1 chain mail of the Wilderness {+Blink}
 12984 | D:12     | Noticed a fire giant
 13249 | D:12     | Reached skill level 20 in Axes
 13264 | D:12     | Killed a fire giant
 13278 | D:12     | Noticed a tengu reaver
 13614 | D:12     | Noticed a quicksilver ooze
 13649 | D:12     | HP: 5/117 [poisoned by a tengu reaver (bolt of poison)]
 13652 | D:12     | HP: 2/117 [poisoned by a tengu reaver (bolt of poison)]
 13657 | D:11     | HP: 3/117 [poisoned by a tengu reaver (bolt of poison)]
 13781 | D:12     | Killed a tengu reaver
 13941 | D:12     | Found the +8 glaive of the Guard {elec, spectral, AC+5}
 14096 | D:12     | Identified the +6 plate armour of Muloqeps {rElec}
 14418 | D:13     | Reached XP level 14. HP: 122/129 MP: 13/13
 14496 | D:13     | Reached skill level 21 in Axes
 15058 | D:14     | Found a gate to the Vaults.
 15523 | D:15     | Entered Level 15 of the Dungeon
 15621 | D:15     | Found a staircase to the Depths.
 15621 | D:15     | Noticed a fire giant
 15638 | D:15     | Killed a fire giant
 15960 | D:15     | Reached skill level 22 in Axes
 16463 | D:15     | Reached XP level 15. HP: 130/138 MP: 14/14
 16711 | Lair:1   | Entered Level 1 of the Lair of Beasts
 16784 | Lair:1   | Found a dark tunnel.
 16793 | Volcano  | Entered a volcano
 17036 | Volcano  | Found a burning altar of Makhleb.
 17923 | Lair:2   | You fall into a shaft and drop 2 floors!
 17932 | Lair:4   | Found a staircase to the Shoals.
 18268 | Lair:4   | Identified the +9 flail of the Butterfly {venom, MP+9
                  | Int+3}
 18289 | Lair:4   | Found an iron altar of Okawaru.
 18750 | Lair:3   | Reached skill level 15 in Shields
 19095 | Lair:3   | Found a staircase to the Snake Pit.
 19435 | Lair:2   | Reached skill level 15 in Armour
 19453 | Lair:2   | Identified the +1 chain mail of Aseinn {Regen+}
 19594 | Lair:2   | Reached skill level 23 in Axes
 19701 | Lair:2   | Reached skill level 15 in Fighting
 19701 | Lair:2   | Reached skill level 10 in Dodging
 20368 | Lair:5   | Found a viscous altar of Jiyva.
 20368 | Lair:5   | Found a staircase to the Slime Pits.
 20665 | Lair:6   | Entered Level 6 of the Lair of Beasts
 20689 | Lair:6   | Reached XP level 16. HP: 126/149 MP: 15/15
 20805 | Lair:6   | Noticed an acid blob
 21380 | Lair:6   | Killed an acid blob
 22279 | Lair:6   | Acquired 796 gold pieces
 22573 | Orc:1    | Entered Level 1 of the Orcish Mines
 22592 | Orc:1    | Found Pamiwell's Antique Weapon Shop.
 22741 | Orc:1    | Bought a warped war axe for 255 gold pieces
 22741 | Orc:1    | Identified the +3 war axe "Ikleh" {drain, rF+} (You bought
                  | it in a shop on level 1 of the Orcish Mines)
 22807 | Orc:1    | Paralysed by an orc sorcerer for 3 turns
 22814 | Orc:1    | Paralysed by an orc sorcerer for 4 turns
 23189 | Orc:2    | Entered Level 2 of the Orcish Mines
 23189 | Orc:2    | Found Sothruuski's Armour Shop.
 23194 | Orc:2    | Bought the +15 Maxwell's patent armour {-Cast -Tele rElec
                  | Will+ rCorr} for 1396 gold pieces
 23194 | Orc:2    | Found the +15 Maxwell's patent armour {-Cast -Tele rElec
                  | Will+ rCorr}
 23349 | Orc:2    | Found Dinokhoj's Assorted Antiques.
 23349 | Orc:2    | Found Goddo's Book Boutique.
 23350 | Orc:2    | Found Yshriymn's Antique Weapon Boutique.
 23362 | Orc:2    | Found Teruad's Antique Armour Shop.
 23369 | Orc:2    | Bought a pair of runed boots for 135 gold pieces
 23411 | Orc:2    | Found Ymes's Distillery.
 23437 | Orc:2    | Bought a potion of heal wounds for 65 gold pieces
 23437 | Orc:2    | Bought a potion of curing for 39 gold pieces
 23437 | Orc:2    | Bought a potion of mutation for 104 gold pieces
 23437 | Orc:2    | Bought a potion of cancellation for 104 gold pieces
 23482 | Orc:2    | Found Nyjeqo's Weapon Shop.
 23502 | Orc:2    | Found Eno Huso's Magic Scroll Shop.
 23521 | Orc:2    | Bought a scroll of enchant weapon for 127 gold pieces
 23521 | Orc:2    | Bought a scroll of brand weapon for 340 gold pieces
 23554 | Orc:2    | Found Meodecou's Jewellery Emporium.
 23574 | Orc:2    | Reached skill level 24 in Axes
 23976 | Orc:2    | Found a staircase to the Elven Halls.
 24380 | Elf:1    | Entered Level 1 of the Elven Halls
 24814 | Elf:1    | Paralysed by an air elemental for 1 turns
 24824 | Elf:1    | Reached XP level 17. HP: 158/158 MP: 16/16
 24836 | Elf:1    | Noticed a Brimstone Fiend
 24888 | Elf:1    | Found an ancient bone altar of Kikubaaqudgha.
 24903 | Elf:1    | Found a runed translucent gate.
 24903 | Elf:1    | Found a runed translucent gate.
 25007 | Elf:1    | Found a runed translucent gate.
 25007 | Elf:1    | Noticed SushiGirl's ghost (journeyman DECj)
 25008 | Elf:1    | Noticed robertstho's ghost (journeyman MiHu)
 25224 | Elf:1    | Killed robertstho's ghost
 25241 | Elf:1    | Killed SushiGirl's ghost
 25269 | Elf:1    | Identified the +2 rapier of Anossulo {vorpal, +Blink rPois}
 25333 | Elf:2    | Paralysed by an air elemental for 1 turns
 25398 | Elf:2    | Got Keuhye's Incunabulum of Conjuration
 25450 | Elf:2    | Noticed Agnes
 25461 | Elf:2    | Killed Agnes
 25995 | Elf:2    | Found a runed translucent gate.
 25999 | Elf:2    | Reached skill level 25 in Axes
 26001 | Elf:2    | Found a runed translucent gate.
 26002 | Elf:2    | Found a runed translucent gate.
 26059 | Elf:2    | Identified the +7 morningstar "Zyfoatulirph" {venom, rN+
                  | Stlth+}
 26084 | Elf:3    | Entered Level 3 of the Elven Halls
 26127 | Elf:3    | Found Laemoasm's Gadget Gallery.
 26158 | Elf:3    | Found Uduuruz's Book Emporium.
 26222 | Elf:3    | Bought a condenser vane for 640 gold pieces
 26529 | Snake:1  | Entered Level 1 of the Snake Pit
 27523 | Snake:2  | Noticed Vashnia
 27555 | Snake:1  | Killed Vashnia
 27556 | Snake:1  | Reached XP level 18. HP: 169/169 MP: 13/17
 28447 | Snake:3  | Found Curale's Overcharged Wands.
 29034 | Snake:3  | Found Tuir's Antique Armour Shoppe.
 29042 | Snake:3  | Found Cuggyoj's Antique Weapon Shop.
 29118 | Snake:3  | Reached skill level 26 in Axes
 29284 | Snake:4  | Entered Level 4 of the Snake Pit
 29616 | Snake:4  | Identified the +6 hand axe "Stringbean" {drain, +Blink
                  | rElec rC+ Int+4}
 30287 | Snake:4  | Reached XP level 19. HP: 179/179 MP: 18/18
 30343 | Snake:4  | HP: 4/179 [salamander tyrant (12)]
 30343 | Snake:4  | Killed from afar by a salamander tyrant

Illustrated notes

Levels and vault maps discovered:
D:1:      dpeg_arrival_lava_temple_mockup, layout_loops_ring, serial_glass,
          glass_columns_a, glass_columns_a, ebering_ecumenical_altar_hall
D:2:      layout_loops_corners, uniq_terence
D:3:      layout_rooms, grunt_ministairs_9, chequers_garden
D:4:      layout_loops_cross, uniq_edmund, uniq_blork_the_orc, uniq_menkaure,
          uniq_crazy_yiuf_cottage
D:5:      layout_basic, kennysheep_generic_room_3
D:6:      layout_loops_corners, minmay_temple_entry_ruins, serial_aquarium,
          aquarium_bridge_island_small [aquarium_subvault_small_open,
          aquarium_subvault_bridge, aquarium_subvault_wall,
          aquarium_subvault_bridge, aquarium_subvault_window],
          aquarium_window_fake, aquarium_window_fake, aquarium_view_2c,
          aquarium_pool_split, chequers_serial_rivers_marsh,
          minmay_misc_feat_rows, minmay_joined_circles
D:7:      layout_basic, enter_bailey_6
D:8:      layout_layer_cave, minmay_manual_mullet, uniq_joseph, uniq_gastronok,
          uniq_harold
D:9:      layout_roguey, serial_ice, serial_ice_g, serial_ice_c, serial_ice_k,
          serial_ice_f, serial_ice_b, serial_ice_h
D:10:     layout_small_grid, kennysheep_mini, david_orc_5, uniq_snorg
D:11:     layout_basic, dpeg_lair_monsters, nicolae_trove_entry_isolated
D:12:     minmay_guarded_unrand_guard, layout_basic, portal_ice_cave_rime,
          uniq_kirke
D:13:     layout_basic, dk_noncrumbling_4
D:14:     layout_rooms, lightli_vaults_fourway_checkpoint
D:15:     grunt_enter_depths_giant_problem, layout_stronghold, bh_walls_and_bars
Lair:1:   layout_loops_ring, lightli_volcano_entry_magma_tube
Lair:2:   layout_misc_corridors, chequers_serial_rivers_small_3,
          grunt_megastairs_1, lemuel_fruit_tree
Lair:3:   beast_lair_carwin_large_4, layout_regular_city,
          minmay_snake_entry_guardpost_medium
Lair:4:   layout_misc_corridors, minmay_shoals_entry_beasts, lemuel_oklob_altar
Lair:5:   layout_gridlike, slime_altar_1, special_room [special_room_bee],
          roderic_carrion_pond
Lair:6:   minmay_lair_end_enchanted_forest, layout_small_grid, special_room
          [special_room_jelly]
Snake:1:  layout_honeycomb, grunt_ministairs_2
Snake:2:  layout_onion, uniq_vashnia
Snake:3:  layout_grid_maze, serial_shops, shop, nicolae_shop_hallway_stairs,
          nicolae_shop_overcharged_wands, grunt_megastairs_3,
          serial_bayou_shore_a, serial_bayou_shore_b
Snake:4:  grunt_snake_rune_pools, layout_cave_town, grunt_megastairs_5
Orc:1:    layout_diamond_mine, serial_shops, shop, nooodl_orcs_dogs
Orc:2:    st_orc_mages, layout_caves, serial_shops,
          nicolae_shop_bloodbath_and_beyond, shop_coins,
          nicolae_shop_advertising_works [nicolae_subvault_shop_adworks],
          nicolae_square_shop, shop_statue, nicolae_orc_pool_cavern
Elf:1:    elf_arrival_001, layout_loops_cross, gammafunk_ghost_cemetery,
          basic_altar, special_room [special_room_orc], minivault_28
Elf:2:    elven_hall_of_blades_hangedman_original [mumra_blade_entry_bloodbath],
          layout_onion_city, minmay_elf_annihilation, uniq_agnes
Elf:3:    minmay_elf_hall_x, layout_gridlike, serial_shops, shop,
          nicolae_shop_gadgets

Skill      XL: |  1  2  3  4  5  6  7  8  9 10 11 12 13 14 15 16 17 18 |
---------------+-------------------------------------------------------+-----
Axes           | 3 4 5 6 7 9 11 13 16 18 20 22 23 24 25 26 | 26.5
Armour         | 4 5 6 7 8 10 11 12 13 14 15 16 17 18 | 18.0
Shields        | 4 5 6 7 8 10 11 12 13 14 15 16 17 18 | 18.2
Fighting       | 4 5 6 7 8 10 11 12 13 14 15 16 17 18 | 18.0
Dodging        | 1 5 7 8 10 11 12 13 | 13.8

Action                   |  1- 3 |  4- 6 |  7- 9 | 10-12 | 13-15 | 16-18 | 19-21 || total
-------------------------+-------+-------+-------+-------+-------+-------+-------++-------
Melee: War axe           |    54 |     7 |       |   483 |   411 |       |       ||   955
       Headbutt          |     6 |    17 |    70 |   141 |   303 |   397 |     6 ||   940
       Hand axe          |       |   120 |   367 |    46 |       |       |       ||   533
       Unarmed           |       |     4 |       |       |    11 |       |       ||    15
       Demon whip        |       |       |       |       |    22 |       |       ||    22
       Broad axe         |       |       |       |       |   728 |  1734 |    16 ||  2478
       Scimitar          |       |       |       |       |    33 |    10 |       ||    43
Throw: Throwing net      |       |       |       |       |     1 |       |       ||     1
Invok: Lunge             |     4 |     9 |    16 |    37 |    63 |   114 |       ||   243
       Whirlwind         |       |     1 |    11 |    17 |    44 |    29 |       ||   102
       Serpent's Lash    |       |       |       |       |     2 |     3 |       ||     5
       Heavenly Storm    |       |       |       |       |     2 |     2 |     1 ||     5
Evoke: Wand              |       |       |       |     9 |     9 |       |       ||    18
  Use: Scroll            |       |       |    15 |    10 |    20 |     8 |       ||    53
       Potion            |       |       |       |       |     2 |     1 |       ||     3
 Stab: Paralysed         |       |       |       |       |     1 |       |       ||     1
Armor: Scale mail        |    32 |    69 |   180 |   215 |   128 |       |       ||   624
       Plate armour      |       |       |       |       |   548 |   726 |    20 ||  1294
Dodge: Dodged            |    20 |    49 |   121 |   124 |   275 |   373 |    11 ||   973
Block: Buckler           |    12 |    28 |    71 |    52 |       |       |       ||   163
       Tower shield      |       |       |       |   170 |  1166 |  1644 |    45 ||  3025
